 Dungeon Crawl Stone Soup version 0.20-a0-463-g5747544 (webtiles) character file.

21 mopl the Insei (level 2, -1/21 HPs)
             Began as a Barachian Transmuter on Jan 10, 2017.
             Slain by a hobgoblin
             ... wielding a +0 club
              (2 damage)
             ... on level 1 of the Dungeon.
             The game lasted 00:01:07 (646 turns).

mopl the Insei (Barachian Transmuter)                Turns: 646, Time: 00:01:07

Health: -1/21      AC:  2    Str:  8    XL:     2   Next: 87%
Magic:  4/5        EV: 12    Int: 11    God:
Gold:   43         SH:  0    Dex: 11    Spells: 2/5 levels left

rFire  . . .     SeeInvis .     h - +0 short sword
rCold  . . .     Gourm    .     b - +0 robe
rNeg   . . .     Faith    .     (no shield)
rPois  .         Spirit   .     (no helmet)
rElec  .         Reflect  .     (no cloak)
rCorr  .         Harm     .     (no gloves)
MR     .....                    (no boots)
Stlth  +.........               (no amulet)
                                (no ring)
                                (no ring)

@: appendage (expiring), slow
A: swims, horns 2, slowness 1, strong legs 1
a: Hop, End Transformation


You were on level 1 of the Dungeon.
You were not hungry.
You had grown temporary horns.
You visited 1 branch of the dungeon, and saw 1 of its levels.

You collected 43 gold pieces.

Inventory:

Hand Weapons
 h - a +0 short sword (weapon)
Missiles
 a - 32 arrows
 f - a stone (quivered)
Armour
 b - a +0 robe (worn)
Scrolls
 i - a scroll of blinking {unknown}
Potions
 e - a potion of curing {unknown}
 g - a potion of lignification {unknown}
 k - a potion of degeneration {unknown}
 l - a potion of flight {unknown}
Books
 c - a book of Changes

   Spells                             Type                      Level
   a - Beastly Appendage              Transmutation                1
   b - Sticks to Snakes               Transmutation                2
   c - Spider Form                    Transmutation/Poison         3
   d - Ice Form                       Ice/Transmutation            4
   e - Blade Hands                    Transmutation                5
Comestibles
 d - a bread ration


   Skills:
 - Level 1.1 Fighting
 - Level 2.0 Dodging
 + Level 3.5 Unarmed Combat
 - Level 2.0 Spellcasting
 + Level 2.7 Transmutations


You had 2 spell levels left.
You knew the following spells:

 Your Spells              Type           Power        Failure   Level  Hunger
a - Beastly Appendage     Tmut           #.....       12%         1    ##.....
w - Sticks to Snakes      Tmut           #.......     17%         2    ###....


Dungeon Overview and Level Annotations

Branches:
Dungeon (1/15)

Altars:


Innate Abilities, Weirdness & Mutations

You can swim through water.
You cover ground slowly.
You can hop short distances.
You have a pair of horns on your head.


Message History

The hobgoblin is severely wounded.
The goblin moves out of view.
The hobgoblin hits you with a club.
Casting: Beastly Appendage
Confirm with . or Enter, or press ? or * to list all spells.
You grow a pair of large bovine horns.
You completely miss the hobgoblin.
The hobgoblin is severely wounded.
Your transformation is almost over.
The hobgoblin hits you with a club.
You are too injured to fight recklessly!
You are too injured to fight recklessly!
The hobgoblin hits you but does no damage.
You closely miss the hobgoblin.
The hobgoblin is severely wounded.
The hobgoblin hits you with a club!
* * * LOW HITPOINT WARNING * * *
You barely miss the hobgoblin.
The hobgoblin is severely wounded.
The hobgoblin hits you with a club.
You die...

#.# ...# #.# .#.# #.# #
.#.# ####.######..#
...## .†............
....
#.#.....#########..###.#
#.......##......g..g...#
####.......# #g#
.....#####.#####@#
####.#........##.#
####)#.....##.##.#
#.............##.#
..##.#...........#
####.#...........# ..
........##.##.#
####.##.##.##.##.# #
#.##.##.##.##.#


You could see a hobgoblin and a goblin.

Vanquished Creatures
  A dart slug (D:1)
  4 bats (D:1)
  3 giant cockroaches (D:1)
  A goblin (D:1)
  2 hobgoblins (D:1)
  2 jackals (D:1)
  A kobold (D:1)
  2 rats (D:1)
16 creatures vanquished.

Notes
Turn   | Place    | Note
-------+----------+-------------------------------------------
     0 | D:1      | mopl the Barachian Transmuter began the quest for the Orb.
     0 | D:1      | Reached XP level 1. HP: 15/15 MP: 3/3
   216 | D:1      | Reached XP level 2. HP: 15/21 MP: 3/5
   237 | D:1      | Learned a level 2 spell: Sticks to Snakes
   645 | D:1      | HP: 1/21 [hobgoblin/club (7)]
   646 | D:1      | Slain by a hobgoblin

Vault maps used:
D:1:      dpeg_arrival_more_subterranean_lakeside_camping, roderic_lattice_a

Action                   || total
-------------------------++-------
Melee: Dagger            ||    15
       Unarmed           ||    13
       Short sword       ||    65
       Punch             ||     3
       Kick              ||     1
       Headbutt          ||     1
 Cast: Beastly Appendage ||     6
 Stab: Sleeping          ||     1
Armor: Robe              ||    29
Dodge: Dodged            ||    82
